 Dungeon Crawl Stone Soup version 0.27.1-33-g824d729ab1 (webtiles) character file.

Game seed: 3547875873266147415

194 pkoi the Ruffian (level 5, 0/45 HPs)
             Began as a Draconian Fighter on Nov 30, 2021.
             Slain by a water moccasin (4 damage)
             ... on level 4 of the Dungeon.
             The game lasted 00:03:03 (3827 turns).

pkoi the Ruffian (Draconian Fighter)                Turns: 3827, Time: 00:03:03

Health: 0/45       AC:  6    Str: 18    XL:     5   Next: 44%
Magic:  5/5        EV: 10    Int: 10    God:
Gold:   32         SH:  9    Dex: 10    Spells: 3/4 levels left

rFire    . . .     SeeInvis .   g - +1 dagger (venom)
rCold    . . .     Faith    .   a - +0 kite shield
rNeg     . . .     Spirit   .   (armour unavailable)
rPois    .         Reflect  .   (helmet restricted)
rElec    .         Harm     .   (no cloak)
rCorr    .         Rampage  .   (no gloves)
Will     .....                  l - +0 pair of boots
Stlth    +.........             (no amulet)
HPRegen  0.15/turn              (no ring)
MPRegen  0.09/turn              (no ring)

@: lethally poisoned (0 -> -10)
A: AC +5, unfitting armour, cold-blooded
a: no special abilities


You were on level 4 of the Dungeon.
You visited 1 branch of the dungeon, and saw 4 of its levels.

You collected 43 gold pieces.
You spent 11 gold pieces at shops.

Inventory:

Hand Weapons
 g - a +1 dagger of venom (weapon)
Missiles
 s - 5 poisoned darts (quivered)
Armour
 a - a +0 kite shield (worn)
 l - a +0 pair of boots (worn)
Wands
 d - a wand of paralysis (8)
 r - a wand of mindburst (13)
Scrolls
 f - a scroll of enchant weapon
 m - a scroll of vulnerability
Potions
 b - a potion of might
 c - a potion of magic
 e - 3 potions of flight {unknown}
 j - 2 potions of resistance {unknown}
 k - a potion of brilliance {unknown}
 n - a potion of heal wounds {unknown}
 o - a potion of curing {unknown}
 p - a potion of invisibility {unknown}
 q - a potion of lignification {unknown}


   Skills:
 - Level 3.2 Fighting
 - Level 2.6 Dodging
 + Level 4.3 Shields
 * Level 4.8 Unarmed Combat


You had 3 spell levels left.
You knew the following spells:

 Your Spells              Type           Power      Damage    Failure   Level
a - Apportation           Tloc           0%         N/A       83%         1

Your spell library contained the following spells:

 Spells                   Type           Power      Damage    Failure   Level
 Animate Skeleton         Necr           0%         N/A       83%         1
 Corona                   Hex            0%         N/A       83%         1
 Summon Small Mammal      Summ           0%         N/A       83%         1


Dungeon Overview and Level Annotations

Branches:
Dungeon (4/15)
 Temple: D:4-7

Altars:
Fedhas

Shops:
D:3 !


Innate Abilities, Weirdness & Mutations

Your plain brown scales are hard. (AC +5)
You cannot fit into any form of body armour.
You are cold-blooded and may be slowed by cold attacks.


Message History

The water moccasin bites you.
You are poisoned.
The water moccasin poisons you! The water moccasin bites you.
You are too injured to fight recklessly!
You feel very sick. The water moccasin barely misses you.
Items here: $ ) = [.
You barely miss the water moccasin.
The water moccasin is lightly wounded.
You feel very sick. You block the water moccasin's attack.
The water moccasin completely misses you.
You completely miss the water moccasin.
The water moccasin is lightly wounded.
You feel sick. The water moccasin bites you.
You are more poisoned.
The water moccasin poisons you! The water moccasin closely misses you.
A necrophage comes into view.
You closely miss the water moccasin.
The water moccasin is lightly wounded.
You feel very sick. You block the water moccasin's attack.
The water moccasin barely misses you.
You hit the water moccasin.
The water moccasin is moderately wounded.
You feel very sick. The water moccasin barely misses you.
You feel sick.
The water moccasin completely misses you.
The water moccasin closely misses you.
You feel sick.
You feel sick. The water moccasin bites you.
* * * LOW HITPOINT WARNING * * *
You feel sick. The water moccasin bites you.
* * * LOW HITPOINT WARNING * * *
You are lethally poisoned!
The water moccasin poisons you!
* * * LOW HITPOINT WARNING * * *
You feel very sick. The water moccasin bites you.
You die...

#+#####................
#...<).................
.##..)..#÷#.............
...........÷...........#
...#######........)...###
.. .................#. .
...................
...##.#.##........#.
##.....@S...........
####.....n.........
#.###....#..#### #.
#...).......
#.....#..####..#
#.........# ...
#...>....... ##
#........#.# ............


You could see a water moccasin and a necrophage.

Vanquished Creatures
  An iguana (D:4)
  4 gnolls (D:3)
  4 adders
  2 worms (D:2)
  3 dart slugs
  5 orcs
  5 bats
  8 endoplasms
  2 giant cockroaches
  6 goblins
  4 hobgoblins
  2 jackals (D:1)
  3 quokkas
  10 ball pythons
  5 frilled lizards
  5 kobolds
  8 rats
77 creatures vanquished.

Notes
Turn   | Place    | Note
-------+----------+-------------------------------------------
     0 | D:1      | pkoi the Draconian Fighter began the quest for the Orb.
     0 | D:1      | Reached XP level 1. HP: 19/19 MP: 1/1
   576 | D:1      | Found a faded altar of an unknown god.
   606 | D:1      | Reached XP level 2. HP: 26/26 MP: 2/2
  1581 | D:2      | Reached XP level 3. HP: 31/31 MP: 3/3
  1693 | D:2      | Found a blossoming altar of Fedhas.
  2030 | D:2      | You fall into a shaft and drop 1 floor!
  2057 | D:2      | Learned a level 1 spell: Apportation
  2317 | D:3      | Reached XP level 4. HP: 38/38 MP: 4/4
  2768 | D:3      | Found Japadim's Distillery.
  2782 | D:3      | Bought a potion of degeneration for 11 gold pieces
  2986 | D:3      | Reached XP level 5. HP: 39/45 MP: 5/5
  3809 | D:4      | Noticed a water moccasin
  3820 | D:4      | Noticed a necrophage
  3827 | D:4      | Slain by a water moccasin

Illustrated notes

Levels and vault maps discovered:
D:1:      matt_arrival_spirals, layout_basic,
          shapermc_ecumenical_altar_flowoftime
D:2:      layout_rooms, basic_altar
D:3:      layout_loops_corners, serial_shops,
          nicolae_shop_competitors_out_of_business
D:4:      layout_rooms, overflow_temple_1_default, dk_vineyard_2

Skill      XL: |  1  2  3  4 |
---------------+-------------+-----
Unarmed Combat | 3 4 |  4.8
Shields        | 4 |  4.3
Fighting       | |  3.2
Dodging        | |  2.6

Action                   |  1- 3 |  4- 6 || total
-------------------------+-------+-------++-------
Melee: Unarmed           |    51 |       ||    51
       Tailslap          |    18 |     8 ||    26
       Dagger            |   104 |    88 ||   192
  Use: Scroll            |       |     5 ||     5
 Stab: Sleeping          |     2 |     2 ||     4
Armor: Skin              |    54 |    25 ||    79
Dodge: Dodged            |    86 |    45 ||   131
Block: Kite shield       |    48 |    51 ||    99
